 Dungeon Crawl Stone Soup version 0.26-a0-652-gafc20e3620 (webtiles) character file.

Game seed: 11275274640289112352

30 DogServant the Poker (level 3, 28/28 HPs)
             Began as a Merfolk Gladiator on Oct 2, 2020.
             Quit the game on level 2 of the Dungeon.
             The game lasted 00:02:00 (786 turns).

DogServant the Poker (Merfolk Gladiator)             Turns: 786, Time: 00:02:00

Health: 28/28      AC:  4    Str: 14    XL:     3   Next: 18%
Magic:  3/3        EV: 14    Int:  7    God:
Gold:   31         SH:  0    Dex: 16    Spells: 2/2 levels left

rFire    . . .     SeeInvis .   a - +0 trident
rCold    . . .     Faith    .   (no shield)
rNeg     . . .     Spirit   .   b - +0 leather armour
rPois    .         Reflect  .   c - +0 helmet
rElec    .         Harm     .   (no cloak)
rCorr    .         Rampage  .   (no gloves)
MR       .....                  (no boots)
Stlth    +.........             (no amulet)
HPRegen  0.09/turn              (no ring)
MPRegen  0.08/turn              (no ring)

@: no status effects
A: change form in water, swift swim, stealthy swim
a: no special abilities


You were on level 2 of the Dungeon.
You visited 1 branch of the dungeon, and saw 2 of its levels.

You collected 31 gold pieces.

Inventory:

Hand Weapons
 a - a +0 trident (weapon)
Missiles
 d - 3 throwing nets (quivered)
Armour
 b - a +0 leather armour (worn)
 c - a +0 helmet (worn)
Scrolls
 e - 3 scrolls of identify {unknown}
 f - a scroll of teleportation {unknown}
 h - a scroll of enchant weapon {unknown}
 i - a scroll of remove curse {unknown}
 j - a scroll of blinking {unknown}
Potions
 g - a potion of ambrosia {unknown}


   Skills:
 + Level 2.6 Fighting
 + Level 5.1 Polearms
 - Level 2.0 Throwing
 + Level 4.7 Dodging


You had 2 spell levels left.
You didn't know any spells.
Your spell library was empty.

Dungeon Overview and Level Annotations

Branches:
Dungeon (2/15)

Altars:


Message History

You see here 11 sling bullets.
There is an open door here.
You see here a hobgoblin skeleton.
There is a stone staircase leading down here.
You climb downwards.
There is a stone staircase leading up here.
Found a whip.
e - 3 scrolls labeled VOYTAG UWNYKK (gained 1)
i - a scroll labeled MALOMNOXZI
Found a stone staircase leading down.
Found a short sword.
j - a scroll labeled XUREPNINAS You open the door.
A bat comes into view.
Found a whip.
A bat is nearby!
A bat is nearby!
You puncture the bat!
You kill the bat!
Are you sure you want to abandon this character and quit the game? (Confirm with "yes".)

......#..........
......##.........
......##..##..###
# ......###.##..#
.# #####.# #..#..#
..# ####.#).# )..#
#.......# ....#
#.##...#####......
#.........@†......
#####.>#####.....#
##.# ....# ...
#.## ##.## # #.#
#.# #.


There were no monsters in sight!

Vanquished Creatures
  7 bats
  A giant cockroach (D:1)
  4 goblins (D:1)
  5 hobgoblins (D:1)
  2 frilled lizards (D:1)
  4 kobolds (D:1)
  4 rats (D:1)
27 creatures vanquished.

Notes
Turn   | Place    | Note
-------+----------+-------------------------------------------
     0 | D:1      | DogServant the Merfolk Gladiator began the quest for the
                  | Orb.
     0 | D:1      | Reached XP level 1. HP: 16/16 MP: 1/1
    63 | D:1      | Reached XP level 2. HP: 22/22 MP: 2/2
   480 | D:1      | Reached skill level 5 in Polearms
   492 | D:1      | Reached XP level 3. HP: 28/28 MP: 3/3
   786 | D:2      | Quit the game

Illustrated notes

Levels and vault maps discovered:
D:1:      nzn_arrival_crosshair, layout_basic, hangedman_decor_clover_reticule
D:2:      layout_basic

Skill      XL: |  1  2 |
---------------+-------+-----
Polearms       | 5 |  5.1
Fighting       | |  2.6
Throwing       | |  2.0
Dodging        | |  4.7

Action                   || total
-------------------------++-------
Melee: Trident           ||    66
 Stab: Sleeping          ||     2
Armor: Leather armour    ||    16
Dodge: Dodged            ||    50

Table legend: (Time is in decaauts)
 A = Elapsed time spent in this place.
 B = Non-inter-level travel time spent in this place.
 C = Inter-level travel time spent in this place.
 D = Time resting spent in this place.
 E = Time spent auto-exploring this place.
 F = Levels seen in this place.
 G = Mean time per level.
                   A        B        C        D        E       F      G
               +--------+--------+--------+--------+--------+-----+--------+
         Total |    790 |    751 |     39 |      0 |    618 |   2 |  395.0 |
       Dungeon |    790 |    751 |     39 |      0 |    618 |   2 |  395.0 |
               +--------+--------+--------+--------+--------+-----+--------+

Top non-repeatable levels by time:
     D:1: 736 daAuts
     D:2: 53 daAuts
